[Event "Titled Tuesday Blitz March 28 Early 2023"]
[White "Meunier-Pion, Jean"]
[Black "Staudenhocker43"]
[WhiteFideId "20685327"]
[WhiteElo "2124"]
[BlackElo "2543"]
[Result "1/2-1/2"]
[Round "05"]
[TimeControl "180+2"]
[Date "2023.03.28"]
[WhiteClock "0:00:04"]
[BlackClock "0:00:14"]

1. e4 c6 2. d4 d5 3. e5 Bf5 4. Nf3 e6 5. Be2 c5 6. Be3 Qb6 7. Nc3 Nc6 8. O-O Qxb2 9. Nb5 c4 10. Nc7+ Kd7 11. Nxa8 Bxc2 12. Qc1 Ba3 13. Ng5 Nh6 14. Qe1 Rxa8 15. f4 Nxd4 16. Kh1 Nxe2 17. Qxe2 Bd3 18. Qh5 Qe2 19. Rf3 Bg6 20. Qh3 Nf5 21. Bg1 b5 22. Rxa3 b4 23. Ra6 c3 24. Ra5 d4 25. Qf3 Qxf3 26. Nxf3 d3 27. Rb5 Bh5 28. Rxb4 Bxf3 29. Rb3 Be2 30. Rxc3 d2 31. Rc2 d1=Q 32. Rxd1+ Bxd1 33. Rd2+ Kc6 34. Rxd1 a6 35. Rc1+ Kb7 36. Rb1+ Kc6 37. Rc1+ Kd7 38. g4 Nh6 39. h3 Rc8 40. Rxc8 Kxc8 41. Kg2 f5 42. Kf3 Kd7 43. Bc5 g6 44. Bf8 Nf7 45. gxf5 exf5 46. Ke3 Ke6 47. Kd4 h6 48. Bg7 g5 49. Ke3 gxf4+ 50. Kxf4 h5 51. h4 a5 52. Bf6 a4 53. Bg7 Nd8 54. Bf6 Nf7 55. Bg7 Nd8 56. Bf6 Nf7 1/2-1/2


[Site "https://www.chess.com"]

[Event "Titled Tuesday Blitz March 28 Early 2023"]
[White "Balague Camps, Marc"]
[Black "Melian, Juan Sebastian"]
[WhiteFideId "2297914"]
[BlackFideId "3706575"]
[WhiteElo "2089"]
[BlackElo "2031"]
[Result "0-1"]
[Round "05"]
[TimeControl "180+2"]
[Date "2023.03.28"]
[WhiteClock "0:00:48"]
[BlackClock "0:00:15"]

1. d4 g6 2. c4 Bg7 3. Nc3 d6 4. e4 Nc6 5. Be3 Nf6 6. h3 O-O 7. Nf3 a6 8. Be2 Rb8 9. O-O Bd7 10. Rc1 b5 11. d5 Na5 12. cxb5 axb5 13. e5 Ne8 14. e6 fxe6 15. dxe6 Bxe6 16. Ng5 Bd7 17. Qd5+ e6 18. Nxe6 Bxe6 19. Qxe6+ Kh8 20. Nxb5 Bxb2 21. Bd4+ Bxd4 22. Nxd4 Qf6 23. Qe3 c5 24. Nb3 Nxb3 25. axb3 Nc7 26. Bf3 Ne6 27. Bd5 Nd4 28. Qd3 Rbe8 29. Rcd1 Re5 30. Qc4 Qg5 31. Rxd4 cxd4 32. Qxd4 Qf6 33. Bc4 Rf5 34. Qxf6+ R8xf6 35. f3 Rc5 36. Rd1 Kg7 37. Kf2 Kf8 38. Ke3 Ke7 39. g4 Rf8 40. h4 Rb8 41. Kf4 Rb4 42. Re1+ Kd7 43. Kg3 d5 44. Rd1 Kc6 45. Bd3 Rxb3 46. h5 Rcc3 47. hxg6 hxg6 48. Bxg6 Rxf3+ 49. Kh4 Rh3+ 50. Kg5 Rhg3 51. Bf7 Rbd3 52. Ra1 d4 53. Kf4 Rdf3+ 0-1


[Site "https://www.chess.com"]

[Event "Titled Tuesday Blitz March 28 Early 2023"]
[White "Van Osch, Mees"]
[Black "Krsnik Cohar, Ivan Vihor"]
[WhiteFideId "1035967"]
[BlackFideId "14520044"]
[WhiteElo "2324"]
[BlackElo "2414"]
[Result "0-1"]
[Round "05"]
[TimeControl "180+2"]
[Date "2023.03.28"]
[WhiteClock "0:01:38"]
[BlackClock "0:02:04"]

1. e4 c5 2. Nf3 g6 3. d4 cxd4 4. Nxd4 Nf6 5. Nc3 Nc6 6. Nxc6 bxc6 7. e5 Nh5 8. Be2 Ng7 9. Bf4 Ne6 10. Be3 Bg7 11. Qd2 Bxe5 12. O-O-O Qa5 13. f4 Bg7 14. Bc4 d5 15. Bb3 d4 16. Bxe6 dxc3 17. Bd7+ Kf8 18. Qd3 Qxa2 19. bxc3 Bxd7 20. Qxd7 Bxc3 21. Qb7 Qa1+ 22. Qb1 Qa3+ 23. Qb2 Qxb2# 0-1


[Site "https://www.chess.com"]

[Event "Titled Tuesday Blitz March 28 Early 2023"]
[White "Kozelov, Roman"]
[Black "Vovk, Orest"]
[WhiteFideId "14133377"]
[BlackFideId "14113490"]
[WhiteElo "2149"]
[BlackElo "2215"]
[Result "1/2-1/2"]
[Round "05"]
[TimeControl "180+2"]
[Date "2023.03.28"]
[WhiteClock "0:00:08"]
[BlackClock "0:00:07"]

1. e4 g5 2. d4 g4 3. Nc3 Bg7 4. Be3 d6 5. Be2 h5 6. Qd2 c6 7. O-O-O Qa5 8. f3 b5 9. a3 b4 10. axb4 Qa1+ 11. Nb1 Be6 12. Bd3 a5 13. b5 Ba2 14. c3 cxb5 15. Bxb5+ Nd7 16. Qc2 Rb8 17. c4 Nf6 18. Kd2 Bxb1 19. Qxb1 Qxb1 20. Rxb1 O-O 21. Ne2 Rfc8 22. Ra1 Nb6 23. b3 a4 24. e5 dxe5 25. dxe5 Nfd7 26. Bxb6 Nxb6 27. f4 axb3 28. Rac1 f6 29. c5 Nd5 30. Bd7 Rc7 31. Be6+ Kh8 32. Bxd5 Rd8 33. Nc3 fxe5 34. Ke2 exf4 35. Bxb3 Rxc5 36. Nd5 Rcxd5 37. Bxd5 Rxd5 38. Rhd1 Re5+ 39. Kf2 Re4 40. Rd5 Bd4+ 41. Kf1 Kg7 42. Rxh5 Be3 43. Rc6 Ra4 44. Rg5+ Kf7 45. Rxg4 Ra1+ 46. Ke2 Ra2+ 47. Kd3 Ra3+ 48. Ke4 Ra4+ 49. Kf3 Ra3 50. Rxf4+ Bxf4+ 51. Kxf4 Ra4+ 52. Kg5 Ra2 53. Rh6 Rxg2+ 54. Kf5 Rf2+ 55. Ke5 Re2+ 56. Kf5 e6+ 57. Kf4 Kg7 58. Rh3 Kg6 59. Rg3+ Kf6 60. Rf3 Re1 61. Kg3+ Kg5 62. Kf2 Ra1 63. Re3 Kf6 64. Kf3 e5 65. Rb3 Kf5 66. h3 Rf1+ 67. Kg3 Rg1+ 68. Kf3 Rc1 69. Kg3 Rd1 70. Kf3 Rd4 71. Re3 Rd8 72. Rb3 Rh8 73. Kg3 Rg8+ 74. Kf3 Rh8 75. Kg3 Rh7 76. Rc3 Rg7+ 77. Kf3 Ra7 78. Rb3 Ra4 79. Rc3 Rf4+ 80. Kg3 Re4 81. Rf3+ Kg5 82. Rb3 Re1 83. Rd3 Kf5 84. Ra3 Ke4 85. Ra4+ Kd5 86. Ra5+ Ke6 87. Ra4 Kf6 88. Rb4 Kf5 89. Rb3 Rd1 90. Rf3+ Ke4 91. Ra3 Kd4 92. Kf2 e4 93. Ra4+ Ke5 94. Ke3 Rd3+ 95. Ke2 Rxh3 96. Ra8 Rh2+ 97. Ke3 Rh3+ 98. Ke2 Rb3 99. Re8+ Kd5 100. Rd8+ Kc4 101. Re8 Kd4 102. Rd8+ Ke5 103. Re8+ Kf5 104. Rf8+ Kg5 105. Re8 Rb4 106. Ke3 Kf5 107. Rf8+ Kg6 108. Rf4 Kg5 109. Rxe4 Rxe4+ 110. Kxe4 1/2-1/2


[Site "https://www.chess.com"]

[Event "Titled Tuesday Blitz March 28 Early 2023"]
[White "Hajiyev, Kanan"]
[Black "Carrasco Miranda, Andres"]
[WhiteFideId "13404148"]
[BlackFideId "3405990"]
[WhiteElo "2103"]
[BlackElo "2183"]
[Result "1-0"]
[Round "05"]
[TimeControl "180+2"]
[Date "2023.03.28"]
[WhiteClock "0:00:14"]
[BlackClock "0:00:05"]

1. d4 Nf6 2. Nf3 g6 3. c4 Bg7 4. Nc3 d5 5. cxd5 Nxd5 6. e4 Nxc3 7. bxc3 c5 8. Bb5+ Nc6 9. O-O O-O 10. Be3 Bg4 11. Bxc6 bxc6 12. dxc5 Qa5 13. Bd4 e5 14. Be3 Rfd8 15. Qb3 Bxf3 16. gxf3 Rd3 17. Qb4 Qd8 18. Rab1 Qh4 19. Rbd1 Rad8 20. Rxd3 Rxd3 21. Qb8+ Qd8 22. Qxa7 Rxc3 23. Rb1 Qf6 24. Qb8+ Bf8 25. Bh6 Qe7 26. Rd1 Rxc5 27. Rd8 Rc1+ 28. Kg2 1-0


[Site "https://www.chess.com"]

[Event "Titled Tuesday Blitz March 28 Early 2023"]
[White "Estrada Nieto, Julian"]
[Black "drdaro"]
[WhiteFideId "5101018"]
[WhiteElo "2176"]
[BlackElo "2398"]
[Result "0-1"]
[Round "05"]
[TimeControl "180+2"]
[Date "2023.03.28"]
[WhiteClock "0:01:19"]
[BlackClock "0:02:08"]

1. e4 g6 2. d4 Nf6 3. Nc3 d5 4. e5 Ne4 5. Bd3 Nxc3 6. bxc3 c5 7. Nf3 Bg7 8. O-O c4 9. Be2 Bg4 10. Rb1 b6 11. Ng5 Bxe2 12. Qxe2 e6 13. Qf3 Qe7 14. Ba3 Qxg5 15. Bd6 Nc6 16. a4 Qf5 17. Qe2 Bf8 18. f3 O-O-O 19. g4 Qf4 20. Bxf8 Rdxf8 21. Rb5 h5 22. a5 Nxa5 23. Rfb1 hxg4 24. fxg4 Rh4 0-1


[Site "https://www.chess.com"]

[Event "Titled Tuesday Blitz March 28 Early 2023"]
[White "Titichoca Daza, Daniel"]
[Black "Vallejo Diaz, Javier"]
[WhiteFideId "3309550"]
[BlackFideId "2256398"]
[WhiteElo "2095"]
[BlackElo "2513"]
[Result "1-0"]
[Round "05"]
[TimeControl "180+2"]
[Date "2023.03.28"]
[WhiteClock "0:01:15"]
[BlackClock "0:00:23"]

1. Nf3 Nf6 2. c4 c6 3. d4 d5 4. Nc3 dxc4 5. e3 b5 6. Ne5 Bb7 7. a4 a6 8. b3 Nbd7 9. axb5 cxb5 10. bxc4 b4 11. Nxd7 Qxd7 12. Na4 Qc7 13. c5 e5 14. Nb6 Rd8 15. Qa4+ Bc6 16. Qxb4 exd4 17. exd4 Be7 18. Be3 O-O 19. Qa5 Ng4 20. Nc4 Qb7 21. Bd3 Rfe8 22. O-O Bxg2 23. c6 Qxc6 24. Qf5 Nf6 25. Ne5 Qd5 26. Bc4 Qb7 27. Nxf7 Rd5 28. Ne5 Bxf1 29. Qe6+ 1-0


[Site "https://www.chess.com"]

[Event "Titled Tuesday Blitz March 28 Early 2023"]
[White "BenchGM"]
[Black "Escanor89"]
[WhiteElo "2378"]
[BlackElo "2512"]
[Result "0-1"]
[Round "05"]
[TimeControl "180+2"]
[Date "2023.03.28"]
[WhiteClock "0:00:15"]
[BlackClock "0:00:30"]

1. e4 c5 2. Nf3 e6 3. b3 b6 4. d4 cxd4 5. Nxd4 Bb7 6. Bd3 d6 7. Bb2 Nf6 8. Qe2 a6 9. O-O Nbd7 10. Nd2 Be7 11. Rad1 O-O 12. f4 Qc7 13. c4 Rfe8 14. Bb1 Bf8 15. N4f3 e5 16. f5 b5 17. Kh1 Nb6 18. Rc1 Qd7 19. Rfd1 Rac8 20. cxb5 axb5 21. Nf1 Rxc1 22. Bxc1 Qc6 23. Ng3 d5 24. exd5 Nbxd5 25. Bb2 Nf4 26. Qc2 Ng4 27. Qxc6 Bxc6 28. Kg1 Bc5+ 29. Kf1 Ne3+ 30. Ke1 Nfxg2+ 31. Ke2 Nxd1 0-1


[Site "https://www.chess.com"]

[Event "Titled Tuesday Blitz March 28 Early 2023"]
[White "Bruedigam, Martin"]
[Black "Davidson, Kevin"]
[WhiteFideId "24608033"]
[BlackFideId "2056810"]
[WhiteElo "2331"]
[BlackElo "2151"]
[Result "1-0"]
[Round "05"]
[TimeControl "180+2"]
[Date "2023.03.28"]
[WhiteClock "0:00:09"]
[BlackClock "0:00:01"]

1. d4 Nf6 2. c4 g6 3. f3 Bg7 4. e4 d6 5. Nc3 O-O 6. Be3 Nc6 7. Nge2 a6 8. Ng3 Rb8 9. Rb1 e5 10. d5 Nd4 11. Bd3 b5 12. O-O bxc4 13. Bxc4 a5 14. Nge2 Nxe2+ 15. Qxe2 Nh5 16. Qd2 f5 17. b3 Nf6 18. Be2 f4 19. Ba7 Ra8 20. Bf2 g5 21. Rfc1 g4 22. Bh4 gxf3 23. Bxf3 Qe8 24. Bxf6 Bxf6 25. a4 Bd7 26. Nd1 Bd8 27. Qe2 Qg6 28. Nf2 Rb8 29. Kh1 Rb4 30. Rc4 Rb6 31. Bg4 Be8 32. Qf3 Kh8 33. h3 Rg8 34. Rbc1 Rg7 35. R1c3 Kg8 36. Nd1 Kh8 37. Rc1 Kg8 38. R1c3 Kh8 39. Nb2 h5 40. Bf5 Qg5 41. Nd1 Qg3 42. Qxg3 fxg3 43. Ne3 Kg8 44. Nf1 h4 45. Rf3 1-0


[Site "https://www.chess.com"]

[Event "Titled Tuesday Blitz March 28 Early 2023"]
[White "Buscar, Michael"]
[Black "Golubev, Mikhail"]
[WhiteFideId "2603616"]
[BlackFideId "14100983"]
[WhiteElo "2010"]
[BlackElo "2374"]
[Result "1-0"]
[Round "05"]
[TimeControl "180+2"]
[Date "2023.03.28"]
[WhiteClock "0:00:26"]
[BlackClock "0:00:01"]

1. d4 Nf6 2. c4 g6 3. Nc3 Bg7 4. e4 d6 5. Nf3 O-O 6. Be2 e5 7. h3 exd4 8. Nxd4 Re8 9. f3 Nh5 10. O-O Qh4 11. Be3 Be5 12. Qe1 Bg3 13. Bf2 Bxh3 14. gxh3 Qxh3 15. Bxg3 Nxg3 16. Kf2 c5 17. Ndb5 Qh2+ 18. Ke3 Nxf1+ 19. Qxf1 Nc6 20. Nc7 Nd4 21. Qh1 Qe5 22. Kd2 Nxe2 23. Kxe2 f5 24. Nxa8 fxe4 25. fxe4 Rxa8 26. Rf1 h5 27. Qf3 Qe7 28. Nd5 Qg7 29. Qf6 1-0


[Site "https://www.chess.com"]

[Event "Titled Tuesday Blitz March 28 Early 2023"]
[White "Shapiro, Viktor"]
[Black "Garrido, Denis"]
[WhiteFideId "4175700"]
[BlackFideId "601217"]
[WhiteElo "2152"]
[BlackElo "2295"]
[Result "1-0"]
[Round "05"]
[TimeControl "180+2"]
[Date "2023.03.28"]
[WhiteClock "0:01:49"]
[BlackClock "0:01:33"]

1. c4 Nf6 2. Nc3 g6 3. d4 Bg7 4. Nf3 O-O 5. Bg5 d6 6. e3 Nbd7 7. h3 h6 8. Bh4 c6 9. Be2 e5 10. O-O Qe7 11. Re1 g5 12. Bg3 Ne8 13. b4 f5 14. c5 f4 15. exf4 gxf4 16. Bh4 Bf6 17. Bc4+ d5 18. Bxd5+ cxd5 19. Nxd5 Qd8 20. Nxf6+ Ndxf6 21. Rxe5 Qc7 22. d5 Ng7 23. d6 Qf7 24. Qd3 Qh5 25. Bxf6 Rxf6 26. Rxh5 1-0


[Site "https://www.chess.com"]

[Event "Titled Tuesday Blitz March 28 Early 2023"]
[White "Olsson, William"]
[Black "mjelcic"]
[WhiteFideId "1741721"]
[WhiteElo "2197"]
[BlackElo "2228"]
[Result "1/2-1/2"]
[Round "05"]
[TimeControl "180+2"]
[Date "2023.03.28"]
[WhiteClock "0:00:18"]
[BlackClock "0:00:16"]

1. c4 e5 2. g3 Nc6 3. Bg2 f5 4. Nc3 Nf6 5. d3 Bb4 6. Nf3 O-O 7. O-O Bxc3 8. bxc3 d6 9. Ba3 Qe8 10. c5 d5 11. Bb2 Qh5 12. Qb3 e4 13. Nd4 Nxd4 14. cxd4 Qxe2 15. dxe4 fxe4 16. Rae1 Qd3 17. Qxd3 exd3 18. Re3 Bf5 19. Rd1 Rfe8 20. Re5 Be4 21. f3 Bg6 22. Bf1 c6 23. Bxd3 Bxd3 24. Rxd3 Nd7 25. Ree3 Rxe3 26. Rxe3 Kf7 27. Kf2 b6 28. cxb6 axb6 29. a3 Re8 30. Bc3 b5 31. Rxe8 Kxe8 32. Ke3 Kf7 33. Bb4 Nb6 34. Bc5 Nc4+ 35. Kf4 Nd2 36. Ke3 Nc4+ 37. Kd3 Ke6 38. g4 g6 39. f4 h5 40. h3 Nb2+ 41. Ke3 Nc4+ 42. Kf3 Nd2+ 43. Kg3 hxg4 44. hxg4 Ne4+ 45. Kf3 Nxc5 46. dxc5 Kf6 47. Ke3 Ke6 48. Kd4 Kf6 49. Kd3 Ke6 50. Ke3 Kf7 51. Kd4 Kg7 52. Ke5 Kf7 53. Kd4 Ke6 54. Ke3 Kf6 55. Kd3 Ke6 56. Kd4 Kf6 57. Kc3 Ke6 58. Kd2 Kf6 59. Ke3 Ke6 60. Kd3 Kf6 61. Kd4 Ke6 62. Ke3 1/2-1/2


[Site "https://www.chess.com"]

[Event "Titled Tuesday Blitz March 28 Early 2023"]
[White "Thiel, Thomas"]
[Black "Sousa, Andre Ventura"]
[WhiteFideId "4615964"]
[BlackFideId "1917617"]
[WhiteElo "2220"]
[BlackElo "2348"]
[Result "0-1"]
[Round "05"]
[TimeControl "180+2"]
[Date "2023.03.28"]
[WhiteClock "0:00:02"]
[BlackClock "0:00:29"]

1. e4 e5 2. Nf3 Nc6 3. d4 exd4 4. Nxd4 Nf6 5. Nxc6 bxc6 6. e5 Qe7 7. Qe2 Nd5 8. h4 Qe6 9. g3 a5 10. Bh3 f5 11. exf6 Qxe2+ 12. Kxe2 Ba6+ 13. Kf3 Nxf6 14. Bg5 Bc5 15. Re1+ Kd8 16. Nc3 Rf8 17. Rad1 d5 18. Ne4 Be7 19. Nxf6 Bxf6 20. Bxf6+ Rxf6+ 21. Kg2 Rb8 22. b3 a4 23. Re3 Bc8 24. Bxc8 Kxc8 25. Rd4 axb3 26. axb3 Kd7 27. Rg4 Rf7 28. Rf3 Rbf8 29. Rxg7 Rxg7 30. Rxf8 Kd6 31. Rf4 Kc5 32. c3 Kb5 33. g4 c5 34. Kg3 c4 35. bxc4+ dxc4 36. g5 Rd7 37. h5 Rd3+ 38. Rf3 Rd1 39. Kf4 Rh1 40. h6 Ka4 41. Kf5 Kb3 42. g6 Rxh6 43. g7 Rg6 44. Rg3 Rxg7 45. Rxg7 Kxc3 46. Rxh7 c5 47. Rc7 Kd4 48. f4 c3 49. Rd7+ Ke3 50. Rd1 c4 51. Ke5 c2 52. Rg1 c3 53. f5 Kd2 54. f6 c1=Q 55. Rxc1 Kxc1 0-1


[Site "https://www.chess.com"]

[Event "Titled Tuesday Blitz March 28 Early 2023"]
[White "Begunov, Konstantin"]
[Black "EdmundPlayer"]
[WhiteFideId "4118510"]
[WhiteElo "2079"]
[BlackElo "2217"]
[Result "0-1"]
[Round "05"]
[TimeControl "180+2"]
[Date "2023.03.28"]
[WhiteClock "0:00:01"]
[BlackClock "0:00:01"]

1. d4 Nf6 2. c4 g6 3. f3 d5 4. cxd5 Nxd5 5. e4 Nb6 6. Be3 Bg7 7. Nc3 Nc6 8. d5 Ne5 9. f4 Ned7 10. Nf3 c6 11. dxc6 bxc6 12. e5 O-O 13. e6 fxe6 14. Nd4 Nf6 15. Nxc6 Qc7 16. Ne5 Nfd5 17. Qd4 Nxc3 18. Qxc3 Qxc3+ 19. bxc3 Nd5 20. Bd4 Nxf4 21. g3 Bb7 22. Rg1 Nd5 23. Bh3 Nc7 24. Kd2 Bd5 25. c4 Bxe5 26. Bxe5 Bxc4 27. Bxc7 Rf2+ 28. Kc3 Bd5 29. Be5 Rc8+ 30. Kd3 Rxh2 31. Bg4 Rhc2 32. a4 Rf2 33. Rgc1 Rd8 34. Ke3 Rg2 0-1


[Site "https://www.chess.com"]

[Event "Titled Tuesday Blitz March 28 Early 2023"]
[White "Kosakowski, Jakub"]
[Black "Silvestre, Christian"]
[WhiteFideId "1185080"]
[BlackFideId "30956269"]
[WhiteElo "2488"]
[BlackElo "2367"]
[Result "1-0"]
[Round "05"]
[TimeControl "180+2"]
[Date "2023.03.28"]
[WhiteClock "0:00:25"]
[BlackClock "0:00:03"]

1. e4 c6 2. Nf3 d5 3. exd5 cxd5 4. Ne5 a6 5. d4 Nf6 6. Bd3 Qc7 7. O-O Nc6 8. Bf4 Qb6 9. Nc3 Qxd4 10. Nxc6 Qxf4 11. Nd4 Bd7 12. Nf3 e6 13. Re1 Bd6 14. Ne2 Qb4 15. c4 dxc4 16. Bc2 O-O 17. Qd4 Bc5 18. Qh4 h6 19. Ng3 Qxb2 20. Rac1 Bc6 21. Qxc4 Bxf3 22. Qxc5 Bc6 23. Rb1 Qxa2 24. Bb3 Qd2 25. Rbd1 Qg5 26. Re5 Qf4 27. Rd4 Be4 28. Nxe4 Nxe4 29. Rexe4 Qf6 30. h3 Rac8 31. Qa3 Rc3 32. Qb2 Rfc8 33. Kh2 Qe7 34. Bc4 Qc7+ 35. f4 Rxc4 36. Rxc4 Qxc4 37. Rxc4 Rxc4 38. Qxb7 Rxf4 39. Qb8+ 1-0


[Site "https://www.chess.com"]

[Event "Titled Tuesday Blitz March 28 Early 2023"]
[White "Horvath, Dominik"]
[Black "Fernandez Siles, Luis"]
[WhiteFideId "1642561"]
[BlackFideId "2209420"]
[WhiteElo "2407"]
[BlackElo "2186"]
[Result "0-1"]
[Round "05"]
[TimeControl "180+2"]
[Date "2023.03.28"]
[WhiteClock "0:02:32"]
[BlackClock "0:02:12"]

1. e4 c5 2. Nf3 Nc6 3. Bb5 g6 4. O-O Bg7 5. c3 Nf6 6. Re1 O-O 7. d4 d5 8. e5 Ne4 9. Bxc6 bxc6 10. Nbd2 Nxd2 11. Bxd2 c4 12. Qc1 Rb8 13. Bh6 f6 14. h3 Bxh6 15. Qxh6 Rxb2 16. Rab1 Rb6 17. a4 Bf5 18. a5 Rxb1 0-1


[Site "https://www.chess.com"]

[Event "Titled Tuesday Blitz March 28 Early 2023"]
[White "Gutkin, Ilya"]
[Black "Manukyan, Sargis A."]
[WhiteFideId "16203470"]
[BlackFideId "13303970"]
[WhiteElo "2265"]
[BlackElo "2187"]
[Result "1-0"]
[Round "05"]
[TimeControl "180+2"]
[Date "2023.03.28"]
[WhiteClock "0:00:05"]
[BlackClock "0:00:04"]

1. Nf3 d5 2. g3 e6 3. Bg2 Nf6 4. d4 Be7 5. c4 O-O 6. Qc2 dxc4 7. Qxc4 a6 8. Bf4 Nd5 9. Nc3 b5 10. Qd3 Bb7 11. O-O Nd7 12. Rfd1 h6 13. Rac1 Rc8 14. Ne4 Nb4 15. Qb1 Nd5 16. Nc5 Nxc5 17. dxc5 Qe8 18. Ne5 Nxf4 19. gxf4 Bxg2 20. Kxg2 f6 21. Ng6 Rf7 22. Qe4 Bf8 23. Nxf8 Rxf8 24. c6 f5 25. Qe5 Rf6 26. Kh1 Rg6 27. Rd7 Rg4 28. Rg1 Rxg1+ 29. Kxg1 Qg6+ 30. Kf1 Kh7 31. Rxc7 Rd8 32. Rd7 Rc8 33. c7 Qg4 34. Ke1 b4 35. Kd2 Qg2 36. f3 Qg1 37. Qxe6 Qb6 38. Qxb6 Re8 39. Qd6 Rg8 40. Qd4 h5 41. c8=Q h4 42. Qxg8+ Kh6 43. Qdxg7+ Kh5 44. Qg5# 1-0


[Site "https://www.chess.com"]

[Event "Titled Tuesday Blitz March 28 Early 2023"]
[White "Ovezdurdyyeva, Jemal"]
[Black "Kadam, Om Manish"]
[WhiteFideId "14001888"]
[BlackFideId "45076294"]
[WhiteElo "2043"]
[BlackElo "2221"]
[Result "1/2-1/2"]
[Round "05"]
[TimeControl "180+2"]
[Date "2023.03.28"]
[WhiteClock "0:00:13"]
[BlackClock "0:00:34"]

1. e4 c5 2. Nf3 d6 3. d4 cxd4 4. Nxd4 Nf6 5. Nc3 a6 6. Bc4 e6 7. O-O Qc7 8. Qe2 Nbd7 9. a4 Ne5 10. Ba2 Be7 11. Kh1 O-O 12. f4 Nc6 13. Be3 d5 14. exd5 exd5 15. Nxd5 Nxd5 16. Bxd5 Rd8 17. c4 Nb4 18. Be4 g6 19. f5 Qe5 20. Bg1 Rxd4 21. Bxd4 Qxd4 22. fxg6 hxg6 23. Bxg6 Be6 24. Bf5 Bxc4 25. Qxe7 Bxf1 26. Rxf1 Nd5 27. Qg5+ Qg7 28. Qd2 Rd8 29. Rf3 Kf8 30. Be6 Rd6 31. Bxd5 Qe5 32. Rd3 Rf6 33. Bf3 Kg7 34. g3 Qf5 35. Kg2 b5 36. axb5 axb5 37. Re3 Qg5 38. Qe2 Rg6 39. Re7 Rf6 40. Re5 Qg6 41. Rxb5 Qb1 42. Rg5+ Kf8 43. Qd2 Re6 44. Qd8+ Re8 45. Qd6+ Re7 46. Rg8+ Kxg8 47. Qxe7 Qxb2+ 48. Qe2 Qc3 49. Be4 Kf8 50. h4 Qe5 51. Bf3 Qf5 52. h5 Qg5 53. Qe4 f5 54. Qb4+ Kg8 55. Qf4 Qf6 56. h6 Kh7 57. Be4 Qb2+ 58. Qf2 Qxf2+ 59. Kxf2 fxe4 60. Ke3 Kxh6 61. Kxe4 Kg5 1/2-1/2


[Site "https://www.chess.com"]

[Event "Titled Tuesday Blitz March 28 Early 2023"]
[White "Jiganchine, Roman"]
[Black "Ingebretsen, Jens E"]
[WhiteFideId "2603667"]
[BlackFideId "1522965"]
[WhiteElo "2331"]
[BlackElo "2213"]
[Result "0-1"]
[Round "05"]
[TimeControl "180+2"]
[Date "2023.03.28"]
[WhiteClock "0:00:04"]
[BlackClock "0:01:55"]

1. e4 c5 2. Nf3 Nc6 3. Bb5 g6 4. O-O Bg7 5. Re1 e6 6. Bxc6 dxc6 7. e5 Ne7 8. a4 O-O 9. d3 b6 10. Nbd2 Ba6 11. Ne4 c4 12. Bg5 cxd3 13. Nf6+ Kh8 14. Qd2 dxc2 15. Qxc2 Qd3 16. Qxd3 Bxd3 17. Rad1 Bc4 18. Rd7 Nd5 19. h4 h6 20. Nxd5 Bxd5 21. Be7 Rfe8 22. h5 g5 23. Nh2 c5 24. Ng4 Bc6 25. Rc7 Rec8 26. Rxc8+ Rxc8 27. Rd1 Bxa4 28. Ra1 b5 29. Ra3 c4 30. Bb4 Rd8 31. Ra1 Rd3 32. Re1 Rb3 33. Bc3 b4 34. Bd4 c3 35. bxc3 bxc3 36. Rc1 c2 37. Kh2 Rb1 38. Be3 a5 39. Kg3 Bb3 40. Kf3 a4 41. Ke2 a3 42. Kd2 a2 43. Bd4 Bf8 44. Bc3 Ba3 0-1


[Site "https://www.chess.com"]

[Event "Titled Tuesday Blitz March 28 Early 2023"]
[White "Karthik Sai Ch"]
[Black "Annaberdiyev, Meylis"]
[WhiteFideId "46649484"]
[BlackFideId "14000563"]
[WhiteElo "2003"]
[BlackElo "2416"]
[Result "0-1"]
[Round "05"]
[TimeControl "180+2"]
[Date "2023.03.28"]
[WhiteClock "0:00:13"]
[BlackClock "0:00:26"]

1. d4 e6 2. Nf3 f5 3. g3 b6 4. Bg2 Bb7 5. O-O Nf6 6. c4 Be7 7. Nc3 Bb4 8. Qc2 Bxc3 9. bxc3 O-O 10. Nd2 Bxg2 11. Kxg2 d6 12. e4 f4 13. Nf3 fxg3 14. hxg3 Qe8 15. e5 dxe5 16. dxe5 Qc6 17. exf6 Rxf6 18. Qe2 Nd7 19. Bg5 Rf5 20. Bf4 e5 21. Be3 Raf8 22. Rad1 Rxf3 23. Rd5 Qe6 24. Qxf3 Rxf3 25. Kxf3 Nf6 26. Rd2 Qxc4 27. Rfd1 h5 28. Kg2 h4 29. Rd8+ Kh7 30. Rf8 h3+ 31. Kh2 Qe4 32. Rg1 Qf5 33. Rd8 Ng4+ 34. Kh1 Qf3+ 0-1


[Site "https://www.chess.com"]

[Event "Titled Tuesday Blitz March 28 Early 2023"]
[White "Pham, Le Thao Nguyen"]
[Black "BeReal24"]
[WhiteFideId "12401226"]
[WhiteElo "2282"]
[BlackElo "2319"]
[Result "1-0"]
[Round "05"]
[TimeControl "180+2"]
[Date "2023.03.28"]
[WhiteClock "0:00:25"]
[BlackClock "0:00:47"]

1. d4 Nf6 2. Nf3 e6 3. c4 d5 4. Nc3 Bb4 5. Bg5 h6 6. Bxf6 Qxf6 7. Qb3 c5 8. e3 O-O 9. a3 Bxc3+ 10. bxc3 dxc4 11. Bxc4 Nc6 12. Bb5 Bd7 13. O-O a6 14. Be2 Rab8 15. dxc5 e5 16. Rfd1 Be6 17. Qb6 e4 18. Nd4 Ne5 19. h3 Qg6 20. Kf1 Nd7 21. Qd6 Rfd8 22. Nxe6 fxe6 23. Bc4 Qf6 24. Qxe6+ Kh8 25. Rxd7 Qxc3 26. Rad1 Qxa3 27. Rxd8+ 1-0


[Site "https://www.chess.com"]

[Event "Titled Tuesday Blitz March 28 Early 2023"]
[White "Gronnestad, Anita"]
[Black "Lenaerts, Lennert"]
[WhiteFideId "1502972"]
[BlackFideId "211435"]
[WhiteElo "1939"]
[BlackElo "2334"]
[Result "0-1"]
[Round "05"]
[TimeControl "180+2"]
[Date "2023.03.28"]
[WhiteClock "0:00:20"]
[BlackClock "0:01:17"]

1. d4 d5 2. c4 c6 3. Nf3 Nf6 4. Nc3 dxc4 5. a4 Bf5 6. e3 e6 7. Bxc4 Bb4 8. O-O O-O 9. Nd2 Bg6 10. Qe2 a5 11. Nf3 Nbd7 12. Bd2 Qe7 13. Rad1 e5 14. Ba2 exd4 15. Nxd4 Rad8 16. h3 Nc5 17. Qf3 Bxc3 18. Bxc3 Nxa4 19. Bxa5 Ra8 20. Nf5 Bxf5 21. Qxf5 Nxb2 22. Rb1 Nd3 23. Bc4 Ne5 24. Rxb7 Qxb7 25. Qxe5 Rfe8 26. Qg5 Ne4 27. Qh5 g6 28. Qg4 Rxa5 29. Rc1 Rc5 30. f3 Qb2 31. Rd1 Qf2+ 32. Kh2 Rxc4 33. fxe4 Rcxe4 0-1


[Site "https://www.chess.com"]

[Event "Titled Tuesday Blitz March 28 Early 2023"]
[White "Budrewicz, Krzysztof"]
[Black "Mrudul Dehankar"]
[WhiteFideId "1127950"]
[BlackFideId "25096990"]
[WhiteElo "2230"]
[BlackElo "2139"]
[Result "0-1"]
[Round "05"]
[TimeControl "180+2"]
[Date "2023.03.28"]
[WhiteClock "0:00:10"]
[BlackClock "0:00:18"]

1. d4 Nf6 2. c4 e6 3. g4 Nxg4 4. e4 Qh4 5. Qf3 Nc6 6. Ne2 Nb4 7. Kd2 Nxf2 8. Bg2 Nxh1 9. Bxh1 Be7 10. a3 Bg5+ 11. Kd1 Bxc1 12. axb4 Bh6 13. Nbc3 Qxh2 14. Kc2 O-O 15. Bg2 Qh4 16. Rh1 Qg5 17. Rh5 Qg6 18. Kb3 d6 19. Nb5 e5 20. Nxc7 Bg4 21. Qd3 Qxh5 22. Ng3 Qh2 23. Bf1 Rac8 24. Nd5 Kh8 25. dxe5 dxe5 26. c5 Bf4 27. Ne2 Qf2 28. Nec3 Qd4 29. Qb5 b6 30. c6 Be6 31. Bc4 a6 32. Qxb6 Qxb6 33. Nxb6 Bxc4+ 34. Nxc4 Rxc6 35. Na5 Rh6 36. Nd5 Bh2 37. Nb7 f5 38. exf5 Rxf5 39. Nc5 Rf3+ 40. Ka4 Rf2 41. Kb3 Rh3+ 42. Kc4 Rxb2 43. Nxa6 Rc2+ 44. Kb5 e4 45. Nc5 e3 46. Nd3 e2 47. Ne1 Rd2 48. Nf4 Bxf4 49. Nf3 Rxf3 0-1


[Site "https://www.chess.com"]

[Event "Titled Tuesday Blitz March 28 Early 2023"]
[White "Mika, Tomasz"]
[Black "Yelisieiev, Yevhenii"]
[WhiteFideId "1132970"]
[BlackFideId "14139642"]
[WhiteElo "2179"]
[BlackElo "2447"]
[Result "1-0"]
[Round "05"]
[TimeControl "180+2"]
[Date "2023.03.28"]
[WhiteClock "0:00:56"]
[BlackClock "0:00:11"]

1. Nf3 d6 2. c4 Nf6 3. b3 e5 4. Bb2 Nbd7 5. e3 c6 6. Be2 Be7 7. O-O O-O 8. d4 e4 9. Nfd2 d5 10. Nc3 Re8 11. f3 exf3 12. Bxf3 Nf8 13. e4 dxc4 14. Nxc4 Ng6 15. Qd2 Nh4 16. e5 Nxf3+ 17. Rxf3 Nd5 18. Ne4 Bb4 19. Qf2 Be6 20. Ncd6 Rf8 21. Nxb7 Qe7 22. Nbc5 Bc8 23. Rf1 Bg4 24. Rg3 Bh5 25. Nf6+ Nxf6 26. exf6 Qd6 27. Ne4 Qe6 28. fxg7 Qxe4 29. gxf8=N+ Kxf8 30. Qf6 Re8 31. Qh6+ Ke7 32. Re3 1-0


[Site "https://www.chess.com"]